AoeStats
← Blunted by Wizardry

Arabia

509182994Analyzed
1v1 RM · 8d ago on Sep 25, 2026· 44m 45s· 2 players
Game mode
Random Map
Map size
Tiny (2 player)
Population
200
Speed
Normal
Resources
Standard
Victory
Conquest
Starting age
Dark Age
Ending age
Imperial Age
RankedLock teamsTeams togetherTeam positionsShared explorationLock speedFull tech treeHidden civsTurbo modeCheats
Victory
Defeat
🇪🇸 Berbers · Spain
1076
+18
🇺🇸 Saracens · United States
1120
-18
Blunted by Wizardry
7:20 Loom
11:06 Feudal Age
17:12 Double-Bit Axe
20:01 Castle Age
19:06 Horse Collar
19:20 Stone Mining
20:04 Bloodlines
22:04 Wheelbarrow
21:35 Husbandry
23:00 Gold Mining
23:22 Bow Saw
25:07 Scale Barding Armor
26:26 Forging
29:37 Chain Barding Armor
35:03 Iron Casting
43:16 Imperial Age
44:32 Conscription
43:33 Elite Mameluke
fau181sto
7:50 Loom
9:56 Feudal Age
10:57 Horse Collar
13:12 Double-Bit Axe
14:42 Bloodlines
16:53 Bloodlines
18:34 Gold Mining
21:26 Castle Age
20:51 Forging
20:47 Scale Barding Armor
22:55 Husbandry
23:38 Iron Casting
24:38 Bow Saw
29:09 Chain Barding Armor
30:38 Heavy Plow
31:20 Scale Mail Armor
31:58 Iron Casting
38:04 Imperial Age
39:50 Conscription
39:45 Heavy Camel Rider
42:12 Blast Furnace
41:48 Plate Barding Armor
Connection lost

Rejoining the realm…

Still unreachable

The connection could not be restored.

Session expired

The server has moved on; the page needs a fresh start.